 Dungeon Sprint DCSS version 0.30-a0-125-g51eefa89be (webtiles) character file.

Game seed: 7282516694216240190

50893 mhtbhm the Metallomancer (level 13, 0/70 HPs)
             Began as a Gargoyle Earth Elementalist on Sept 18, 2022.
             Was the Champion of Vehumet.
             Killed by the air
             ... invoked by Gastronok
              (24 damage)
             ... in the Dungeon (Sprint III: "The Ten Rune Challenge").
             The game lasted 00:16:41 (5180 turns).

mhtbhm the Metallomancer (GrEE)                     Turns: 5180, Time: 00:16:41

Health: 0/70       AC: 13    Str: 15    XL:     13   Next: 3%
Magic:  4/37       EV: 13    Int: 21    God:    Vehumet [******]
Gold:   2437       SH:  0    Dex: 10    Spells: 11/52 levels left

rFire   . . .      SeeInvis +    (no weapon)
rCold   + . .      Faith    .    (no shield)
rNeg    + . .      Spirit   .    a - +2 robe {rC+}
rPois   ∞          Reflect  .    (no helmet)
rElec   +          Harm     .    (no cloak)
rCorr   .          Rampage  .    (no gloves)
Will    +....      Rage     3%   (no boots)
Stlth   +++....... NoTele   +    g - amulet of Itajecusch {rPois Will+ Regen+ Str+3 SInv}
HPRegen 1.01/turn                (no ring)
MPRegen 0.25/turn                (no ring)

@: flying, hasted, very quick
A: sickness immunity, AC +9, negative energy resistance 1, electricity
resistance, torment resistance 1, petrification resistance, big wings, berserk
1, sense surroundings 1
}: 2/10 runes: decaying, serpentine
a: Renounce Religion


You were in the Dungeon.
You worshipped Vehumet.
Vehumet was exalted by your worship.
You visited 1 branch You collected 3346 gold pieces.
You spent 909 gold pieces at shops.

Inventory:

Armour
 a - a +2 robe of cold resistance (worn)
Jewellery
 g - the amulet of Itajecusch (around neck) {rPois Will+ Regen+ Str+3 SInv}
   (You bought it in a shop in the Dungeon)

   [amulet of regeneration]

   Str:       It affects your strength (+3).
   rPois:     It protects you from poison.
   SInv:      It lets you see invisible.
   Regen:     It increases your rate of health regeneration.
   Will:      It increases your willpower.
Scrolls
 c - a scroll of immolation {unknown}
 d - 2 scrolls of identify {unknown}
 h - a scroll of amnesia {unknown}
 j - a scroll of poison {unknown}
Potions
 f - a potion of berserk rage
 i - a potion of degeneration {unknown}
 k - 2 potions of flight
 l - 2 potions of mutation
 m - a potion of curing
 n - a potion of might
 p - a potion of heal wounds
Miscellaneous
 o - a phantom mirror (inert)


   Skills:
 + Level 4.0 Fighting
 + Level 5.4 Dodging
 + Level 6.6 Stealth
 + Level 20.3 Spellcasting
 + Level 8.8 Conjurations
 + Level 2.9 Transmutations
 + Level 2.5 Air Magic
 + Level 24.6 Earth Magic
 + Level 2.7 Poison Magic
 + Level 0.6 Evocations


You had 11 spell levels left.
You knew the following spells:

 Your Spells              Type           Power      Damage    Failure   Level
a - Sandblast             Erth           100%       2d20      0%          1
b - Passwall              Tmut/Erth      56%        N/A       0%          2
c - Stone Arrow           Conj/Erth      100%       3d13      0%          3
d - Petrify               Tmut/Erth      68%        N/A       1%          4
e - Mephitic Cloud        Conj/Pois/Air  41%        N/A       1%          3
f - Lee's Rapid Deconstr  Erth           45%        3d23*     0%          5
g - Iron Shot             Conj/Erth      37%        9d7       1%          6
h - Lehudib's Crystal Sp  Conj/Erth      37%        10d9      4%          8
i - Shatter               Erth           45%        3d35*     2%          9

Your spell library contained the following spells:

 Spells                   Type           Power      Damage    Failure   Level
 Maxwell's Capacitive Co  Air            16%        ∞         100%        8
 Polar Vortex             Ice            10%        N/A       100%        9
 Ignite Poison            Fire/Tmut/Pois 29%        N/A       1%          3
 Leda's Liquefaction      Hex/Erth       32%        N/A       1%          4
 Freezing Cloud           Conj/Ice/Air   18%        6-21      3%          5
 Call Canine Familiar     Summ           21%        N/A       7%          3
 Portal Projectile        Hex/Tloc       42%        N/A       7%          3


Dungeon Overview and Level Annotations

Branches:
Dungeon (1/1)

Altars:
Cheibriados
Dithmenos
Elyvilon
Fedhas
Gozag
Hepliaklqana
Kikubaaqudgha
Makhleb
Nemelex Xobeh
Okawaru
Qazlal
Ru
Sif Muna
Trog
Uskayaw
Vehumet
Wu Jian
Xom
Yredelemnul
Zin
The Shining One
Jiyva
Lugonu

Shops:
D :![=(!(

Annotations:
D Donald, Frances, Gastronok


Innate Abilities, Weirdness & Mutations

You are immune to sickness and miasma.
Your stone body is resilient. (AC +9)
You are immune to poison.
You resist negative energy. (rN+)
You are resistant to electric shocks. (rElec)
You are resistant to unholy torment.
You are immune to petrification.
Your large and strong wings let you fly.
You sometimes lose your temper in combat.
You passively map a small area around you.


Message History

Unknown command.
Unknown command.
Casting: Lee's Rapid Deconstruction (safe; 0% risk of failure)
Confirm with . or Enter, or press ? or * to list all spells.
Aiming: Lee's Rapid Deconstruction (safe; 0% risk of failure)
Press: ? - help, Dir - move target An unnaturally hard rock wall.
The wall shatters!
The blast of rock fragments hits the dire elephant!!
The dire elephant is severely wounded.
The dire elephant closely misses you.
The dire elephant trunk-slaps you but does no damage.
Unknown command.
Unknown command.
Casting: Lee's Rapid Deconstruction (safe; 0% risk of failure)
Confirm with . or Enter, or press ? or * to list all spells.
Aiming: Lee's Rapid Deconstruction (safe; 0% risk of failure)
Press: ? - help, Dir - move target An unnaturally hard rock wall.
The wall shatters!
The blast of rock fragments hits the dire elephant but does no damage.
The dire elephant is severely wounded.
The dire elephant tramples you!!
* * * LOW HITPOINT WARNING * * *
You are shoved backwards!
Unknown command.
You feel much better. The dire elephant barely misses you.
The dire elephant trunk-slaps you.
You feel much better. The dire elephant barely misses you.
The dire elephant splashes around in the water.
Casting: Lee's Rapid Deconstruction (safe; 0% risk of failure)
Confirm with . or Enter, or press ? or * to list all spells.
You don't have enough magic to cast this spell.
Unknown command.
Okay, then.
You feel yourself speed up. The dire elephant tramples you!!
You are shoved backwards!
Gastronok waves his eye-stalks in wide circles.
The air twists around and strikes you!!
You die...

▓#.####.##..###...'.⌠.......
▓.###..##.†## #...#...######
▓#.....##..# #....#.⌠.#__#..
###..##...##.....#...#__#..
##..##....#......#)###__#..
#..###..##.#.....#..)#__#..
#..# #..#####....#___#__'..
▓▓▓▓▓▓▓▓▓▓▓▓▓▓▓▓▓▓▓▓▓▓▓▓▓▓▓
▓...†≈w≈Y≈@≈~≈♣♣.....♣♣♣♣~~
▓...#.~.§§§.~~♣♣.≈≈≈≈'♣♣'♣≈
▓..,#≈~≈§§§~≈≈~'.....#.~♣♣♣
▓., #≈≈~§~§≈≈≈♣♣♣♣♣♣♣#..♣♣ ▓
#≈≈~~≈.~~≈♣ ###'♣♣
##+####'#######♣ ♣♣♣♣.##
..........)....♣♣ ♣...##.
#+#############'♣ ♣♣.##.#
,#~...........♣ ♣..#.#


You could see Gastronok (swift) and a dire elephant.

Vanquished Creatures
  Rupert (D)
  A nagaraja (D)
  Josephine (D)
  2 hydras (D)
  3 ice dragons (D)
  A centaur warrior (D)
  A naga warrior (D)
  4 death yaks (D)
  Urug (D)
  A death drake (D)
  A lindwurm (D)
  A deep elf pyromancer (D)
  An orc sorcerer (D)
  2 elephants (D)
  6 black mambas (D)
  A guardian serpent (D)
  2 cane toads (D)
  A rime drake (D)
  An unseen horror (D)
  3 wandering mushrooms (D)
  A komodo dragon (D)
  A queen bee (D)
  2 tyrant leeches (D)
  8 blink frogs (D)
  A shadow (D)
  3 redbacks (D)
  2 nagas (D)
  4 water moccasins (D)
  A spatial vortex (D)
  A hydra simulacrum (D)
  2 orc warriors (D)
  A swamp drake (D)
  2 centaurs (D)
  An earth elemental (D)
  A scorpion (D)
  A water elemental (D)
  A necrophage (D)
  31 killer bees (D)
  An electric eel (D)
  A jelly (D)
  2 orc priests (D)
  A wizard (D)
  2 orc wizards (D)
  A necromancer (D)
  3 humans (D)
  A kobold demonologist (D)
  7 adders (D)
  2 swamp drake simulacra (D)
  10 orcs (D)
  2 endoplasms (D)
  3 rats (D)
135 creatures vanquished.

Vanquished Creatures (collateral kills)
  A dire elephant (D)
  A killer bee (D)
2 creatures vanquished.

Vanquished Creatures (others)
  A hydra (D)
  16 plants (D)
17 creatures vanquished.

Grand Total: 154 creatures vanquished

Notes
Turn   | Place    | Note
-------+----------+-------------------------------------------
     0 | D        | mhtbhm the Gargoyle Earth Elementalist began the quest for
                  | the Orb.
     0 | D        | Reached XP level 1. HP: 10/10 MP: 3/3
     8 | D        | Reached skill level 4 in Earth Magic
   190 | D        | Noticed a scorpion
   205 | D        | Reached skill level 6 in Earth Magic
   205 | D        | Reached XP level 2. HP: 10/15 MP: 1/6
   389 | D        | Learned a level 2 spell: Passwall
   413 | D        | Gained mutation: You are partially covered in iridescent
                  | scales. (AC +2) [potion of mutation]
   413 | D        | Gained mutation: You expend magic power (3 MP) to
                  | strengthen your wands. [potion of mutation]
   413 | D        | Gained mutation: You are frail. (-10% HP) [potion of
                  | mutation]
   414 | D        | Lost mutation: You are frail. (-10% HP) [potion of
                  | mutation]
   414 | D        | Lost mutation: You expend magic power (3 MP) to strengthen
                  | your wands. [potion of mutation]
   414 | D        | Lost mutation: You are partially covered in iridescent
                  | scales. (AC +2) [potion of mutation]
   414 | D        | Gained mutation: Your body sometimes deteriorates upon
                  | taking damage. [potion of mutation]
   414 | D        | Gained mutation: Your muscles are strong. (Str +4, Int/Dex
                  | -1) [potion of mutation]
   414 | D        | Gained mutation: You have a pair of small antennae on your
                  | head. [potion of mutation]
   415 | D        | Lost mutation: Your body sometimes deteriorates upon taking
                  | damage. [potion of mutation]
   415 | D        | Lost mutation: You have a pair of small antennae on your
                  | head. [potion of mutation]
   415 | D        | Lost mutation: Your muscles are strong. (Str +4, Int/Dex
                  | -1) [potion of mutation]
   415 | D        | Gained mutation: Your large and strong wings let you fly.
                  | [potion of mutation]
   415 | D        | Gained mutation: You sometimes lose your temper in combat.
                  | [potion of mutation]
   415 | D        | Gained mutation: You passively map a small area around you.
                  | [potion of mutation]
   453 | D        | Killed a scorpion
   454 | D        | Reached skill level 1 in Transmutations
   454 | D        | Reached skill level 8 in Earth Magic
   454 | D        | Reached XP level 3. HP: 13/20 MP: 3/8
   454 | D        | Reached XP level 4. HP: 16/24 MP: 3/10
   513 | D        | Learned a level 3 spell: Stone Arrow
   518 | D        | Learned a level 4 spell: Petrify
   552 | D        | Noticed a water elemental
   554 | D        | Killed a water elemental
   555 | D        | Reached skill level 5 in Spellcasting
   555 | D        | Reached skill level 9 in Earth Magic
   555 | D        | Reached XP level 5. HP: 28/28 MP: 8/12
   688 | D        | Found a radiant altar of Vehumet.
   688 | D        | Found a shimmering blue altar of Sif Muna.
   688 | D        | Found an ancient bone altar of Kikubaaqudgha.
   691 | D        | Reached skill level 10 in Earth Magic
   703 | D        | Became a worshipper of Vehumet
   708 | D        | Learned a level 3 spell: Mephitic Cloud
   726 | D        | Found a basalt altar of Yredelemnul.
   726 | D        | Found a shadowy altar of Dithmenos.
   726 | D        | Found a sacrificial altar of Ru.
   729 | D        | Reached skill level 1 in Fighting
   729 | D        | Reached skill level 11 in Earth Magic
   729 | D        | Reached XP level 6. HP: 34/34 MP: 12/15
   820 | D        | Found a glowing silver altar of Zin.
   820 | D        | Found a glowing golden altar of the Shining One.
   820 | D        | Found a white marble altar of Elyvilon.
   820 | D        | Noticed a deep elf pyromancer
   822 | D        | Noticed a fire elemental
   822 | D        | Killed a deep elf pyromancer
   822 | D        | Reached * piety under Vehumet
   822 | D        | Offered knowledge of Foxfire by Vehumet.
   823 | D        | Reached skill level 5 in Stealth
   823 | D        | Reached skill level 13 in Earth Magic
   823 | D        | Reached XP level 7. HP: 39/39 MP: 14/19
   857 | D        | Found a hide-covered altar of Uskayaw.
   857 | D        | Found an iron altar of Okawaru.
   857 | D        | Found a bloodstained altar of Trog.
   857 | D        | Found an ornate altar of the Wu Jian Council.
   857 | D        | Noticed a human
   857 | D        | Noticed a human
   861 | D        | Killed a human
   862 | D        | Reached skill level 14 in Earth Magic
   862 | D        | Killed a human
   863 | D        | Reached XP level 8. HP: 44/44 MP: 13/21
   923 | D        | Noticed a shadow
   925 | D        | Killed a shadow
   925 | D        | Reached ** piety under Vehumet
   926 | D        | Reached skill level 10 in Spellcasting
   941 | D        | Found a blossoming altar of Fedhas.
   941 | D        | Found a stormy altar of Qazlal.
   941 | D        | Found a snail-covered altar of Cheibriados.
   941 | D        | Found a burning altar of Makhleb.
   941 | D        | Found a shimmering altar of Xom.
   942 | D        | Found a hazy altar of Hepliaklqana.
   942 | D        | Found an opulent altar of Gozag.
   942 | D        | Found a sparkling altar of Nemelex Xobeh.
   942 | D        | Found a corrupted altar of Lugonu.
   942 | D        | Found a viscous altar of Jiyva.
   946 | D        | Reached skill level 15 in Earth Magic
   968 | D        | Noticed Josephine
   979 | D        | Killed Josephine
   980 | D        | Reached skill level 1 in Conjurations
   980 | D        | Reached skill level 1 in Air Magic
   980 | D        | Reached skill level 16 in Earth Magic
   980 | D        | Reached XP level 9. HP: 33/49 MP: 16/24
  1089 | D        | Offered knowledge of Freeze by Vehumet.
  1089 | D        | Reached *** piety under Vehumet
  1090 | D        | Reached skill level 1 in Poison Magic
  1163 | D        | Noticed a centaur warrior
  1171 | D        | Killed a centaur warrior
  1172 | D        | Reached skill level 17 in Earth Magic
  1283 | D        | Killed an unseen horror
  1283 | D        | Offered knowledge of Dazzling Flash by Vehumet.
  1283 | D        | Reached **** piety under Vehumet
  1366 | D        | Noticed a wandering mushroom
  1372 | D        | Killed a wandering mushroom
  1373 | D        | Noticed a wandering mushroom
  1375 | D        | Noticed a wandering mushroom
  1377 | D        | Killed a wandering mushroom
  1378 | D        | Reached XP level 10. HP: 55/55 MP: 13/27
  1384 | D        | Reached skill level 18 in Earth Magic
  1514 | D        | Offered knowledge of Sticky Flame by Vehumet.
  1518 | D        | Reached ***** piety under Vehumet
  1528 | D        | Reached skill level 5 in Conjurations
  1531 | D        | Reached ****** piety under Vehumet
  1767 | D        | Offered knowledge of Kindle Blastsparks by Vehumet.
  1902 | D        | Offered knowledge of Iskenderun's Battlesphere by Vehumet.
  1904 | D        | Noticed an orc sorcerer
  1911 | D        | Killed an orc sorcerer
  1912 | D        | Reached skill level 15 in Spellcasting
  1912 | D        | Reached skill level 19 in Earth Magic
  2020 | D        | Found Giufryun's Antique Weapon Shop.
  2127 | D        | Noticed a cane toad
  2127 | D        | Noticed a cane toad
  2136 | D        | Upgraded the game from 0.30-a0-123-g91d0c66ccf to
                  | 0.30-a0-125-g51eefa89be
  2334 | D        | Offered knowledge of Lee's Rapid Deconstruction by Vehumet.
  2343 | D        | Learned a level 5 spell: Lee's Rapid Deconstruction
  2456 | D        | Killed a cane toad
  2457 | D        | Reached XP level 11. HP: 60/60 MP: 17/30
  2459 | D        | Reached skill level 5 in Dodging
  2678 | D        | Offered knowledge of Iron Shot by Vehumet.
  2746 | D        | Learned a level 6 spell: Iron Shot
  2792 | D        | Noticed a lindwurm
  3029 | D        | Killed a six-headed hydra
  3149 | D        | Noticed Urug
  3156 | D        | Killed Urug
  3157 | D        | Reached skill level 20 in Earth Magic
  3158 | D        | Killed a lindwurm
  3323 | D        | Noticed a four-headed hydra
  3328 | D        | Killed a four-headed hydra
  3330 | D        | Noticed a death drake
  3337 | D        | Killed a death drake
  3477 | D        | Offered knowledge of Eringya's Noxious Bog by Vehumet.
  3478 | D        | Reached skill level 21 in Earth Magic
  3769 | D        | Offered knowledge of Orb of Destruction by Vehumet.
  3903 | D        | Noticed a naga warrior
  3903 | D        | Noticed a nagaraja
  3906 | D        | Offered knowledge of Lightning Bolt by Vehumet.
  3908 | D        | Killed a nagaraja
  3909 | D        | Killed a naga warrior
  3910 | D        | Reached skill level 22 in Earth Magic
  3910 | D        | Reached XP level 12. HP: 66/66 MP: 12/33
  4000 | D        | Found Xuofiw's Jewellery Shop.
  4000 | D        | Found Suczuneu's Antique Weapon Shoppe.
  4002 | D        | Found Xemeumun's Distillery.
  4009 | D        | Bought the amulet of Itajecusch {rPois Will+ Regen+ Str+3
                  | SInv} for 744 gold pieces
  4034 | D        | Got a serpentine rune of Zot
  4155 | D        | Noticed Donald
  4155 | D        | Noticed Frances
  4196 | D        | Offered knowledge of Lehudib's Crystal Spear by Vehumet.
  4206 | D        | Learned a level 8 spell: Lehudib's Crystal Spear
  4274 | D        | Noticed Rupert
  4277 | D        | Killed Rupert
  4384 | D        | Noticed a death yak
  4386 | D        | Noticed a death yak
  4391 | D        | Killed a death yak
  4392 | D        | Reached skill level 23 in Earth Magic
  4392 | D        | Killed a death yak
  4392 | D        | Noticed a death yak
  4504 | D        | Noticed a death yak
  4507 | D        | Offered knowledge of Shatter by Vehumet.
  4507 | D        | Offered knowledge of Polar Vortex by Vehumet.
  4507 | D        | Offered knowledge of Maxwell's Capacitive Coupling by
                  | Vehumet.
  4509 | D        | Killed a death yak
  4521 | D        | Killed a death yak
  4635 | D        | Learned a level 9 spell: Shatter
  4642 | D        | Noticed an azure jelly
  4642 | D        | Noticed an azure jelly
  4696 | D        | Found Zierhoz's Book Shoppe.
  4696 | D        | Found Geit Pet's Distillery.
  4696 | D        | Noticed an ice dragon
  4698 | D        | Noticed an ice dragon
  4702 | D        | Killed an ice dragon
  4703 | D        | Killed an ice dragon
  4704 | D        | Reached skill level 24 in Earth Magic
  4709 | D        | Noticed an ice dragon
  4823 | D        | Noticed a five-headed hydra
  4842 | D        | Killed a five-headed hydra
  4909 | D        | Found Bytrestae's Antique Armour Emporium.
  4918 | D        | Bought a potion of heal wounds for 55 gold pieces
  4918 | D        | Bought a potion of heal wounds for 55 gold pieces
  4918 | D        | Bought a potion of heal wounds for 55 gold pieces
  4925 | D        | Killed an ice dragon
  5004 | D        | Got a decaying rune of Zot
  5156 | D        | Noticed a dire elephant
  5165 | D        | Killed a dire elephant
  5166 | D        | Reached XP level 13. HP: 68/70 MP: 0/37
  5168 | D        | Noticed a dire elephant
  5170 | D        | Noticed Gastronok
  5180 | D        | Killed from afar by Gastronok

Illustrated notes

Levels and vault maps discovered:
D:        dungeon_sprint_mu [sprint_mu_entry_cave, sprint_mu_temple_rooms,
          sprint_mu_d1_horrors, sprint_mu_d2_genie, sprint_mu_d3_branching,
          sprint_mu_orc_legion, sprint_mu_elf_gauntlet, sprint_mu_hive_nellie,
          sprint_mu_lair_fedhas, sprint_mu_vaults_butterflies,
          sprint_mu_slime_circle, sprint_mu_swamp_cave, sprint_mu_snake_twists,
          sprint_mu_blade_basic, sprint_mu_crypt_fortress,
          sprint_mu_tomb_spiral, sprint_mu_vestibule_basic,
          sprint_mu_gehenna_hellfire, sprint_mu_dis_giant,
          sprint_mu_tartarus_statrot, sprint_mu_cocytus_islands, sprint_mu_zot1]

Skill      XL: |  1  2  3  4  5  6  7  8  9 10 11 12 |
---------------+-------------------------------------+-----
Earth Magic    | 6 8 9 11 13 14 16 17 19 22 24 | 24.6
Dodging        | 2 3 4 5 |  5.4
Spellcasting   | 3 4 5 6 8 9 11 13 15 17 20 | 20.3
Stealth        | 3 4 5 6 |  6.6
Transmutations | 1 2 |  2.9
Fighting       | 1 2 3 4 |  4.0
Conjurations   | 1 3 5 7 8 |  8.8
Air Magic      | 1 2 |  2.5
Poison Magic   | 1 2 |  2.7
Evocations     | |  0.6

Action                   |  1- 3 |  4- 6 |  7- 9 | 10-12 | 13-15 || total
-------------------------+-------+-------+-------+-------+-------++-------
Melee: Unarmed           |     1 |       |       |     1 |       ||     2
 Cast: Sandblast         |    13 |    11 |    27 |    71 |       ||   122
       Passwall          |     1 |       |       |       |       ||     1
       Mephitic Cloud    |       |       |     3 |     7 |       ||    10
       Stone Arrow       |       |       |    10 |    59 |       ||    69
       Lee's Rapid Decon |       |       |       |    65 |     5 ||    70
       Petrify           |       |       |       |     4 |       ||     4
       Iron Shot         |       |       |       |     7 |       ||     7
       Lehudib's Crystal |       |       |       |     6 |       ||     6
Evoke: Phantom mirror    |       |       |     1 |     1 |       ||     2
  Use: Potion            |     6 |       |       |     1 |     4 ||    11
       Scroll            |       |       |       |     1 |       ||     1
Armor: Robe              |       |       |     8 |    30 |     1 ||    39
Dodge: Dodged            |     6 |     4 |    10 |    81 |     3 ||   104

Table legend: (Time is in decaauts)
 A = Elapsed time spent in this place.
 B = Non-inter-level travel time spent in this place.
 C = Inter-level travel time spent in this place.
 D = Time resting spent in this place.
 E = Time spent auto-exploring this place.
 F = Levels seen in this place.
 G = Mean time per level.
                   A        B        C        D        E       F      G
               +--------+--------+--------+--------+--------+-----+--------+
         Total |   5241 |   5241 |      0 |   3752 |     30 |   1 | 5241.0 |
       Dungeon |   5241 |   5241 |      0 |   3752 |     30 |   1 | 5241.0 |
               +--------+--------+--------+--------+--------+-----+--------+

Top non-repeatable levels by time:
       D: 5241 daAuts
